 Dungeon Crawl Stone Soup version 0.26.1-2-gb8aa6d0cf2 (webtiles) character file.

Game seed: 12632920600509684350

1998 DearestLeader the Geomancer (level 9, -1/51 HPs)
             Began as a Gargoyle Earth Elementalist on Feb 28, 2021.
             Was an Initiate of Vehumet.
             Killed by divine providence
             ... invoked by an orc priest
              (11 damage)
             ... on level 7 of the Dungeon.
             The game lasted 00:18:54 (8829 turns).

DearestLeader the Geomancer (GrEE)                  Turns: 8829, Time: 00:18:54

Health: -1/51      AC:  9    Str: 11    XL:     9   Next: 21%
Magic:  1/14       EV: 12    Int: 20    God:    Vehumet [......]
Gold:   469        SH:  0    Dex: 10    Spells: 0/15 levels left

rFire    + . .     SeeInvis +   A - staff of earth
rCold    + . .     Faith    .   (no shield)
rNeg     + . .     Spirit   .   c - +1 robe
rPois    ∞         Reflect  .   D - +0 mask of the Dragon {Will+ Slay+3 SInv}
rElec    +         Harm     .   (no cloak)
rCorr    .         Rampage  .   (no gloves)
Will     +....                  (no boots)
Stlth    ++........             n - amulet of the acrobat
HPRegen  0.17/turn              d - ring of protection from fire
MPRegen  0.14/turn              B - ring of protection from cold

@: no status effects
A: negative energy resistance 1, electricity resistance, unbreathing,
petrification resistance, miasma immunity, AC +6
a: Renounce Religion


You were on level 7 of the Dungeon.
You worshipped Vehumet.
Vehumet was noncommittal.
You visited 2 branches of the dungeon, and saw 8 of its levels.
You also visited: Ossuary.

You collected 640 gold pieces.
You spent 171 gold pieces at shops.

Inventory:

Hand Weapons
 h - a +1 short sword of draining
 j - a +0 dagger of venom
Missiles
 b - 113 stones
Armour
 c - a +1 robe (worn)
 D - the +0 mask of the Dragon (worn) {Will+ Slay+3 SInv}
   (You found it on level 6 of the Dungeon)

   It affects your accuracy and damage with ranged weapons and melee attacks
   (+3).
   It affects your willpower, your defense against some magical effects.
   It lets you see invisible.
Magical Staves
 A - an uncursed staff of earth (weapon)
 F - an uncursed staff of fire
Jewellery
 d - a ring of protection from fire (left hand)
 n - an amulet of the acrobat (around neck)
 B - a ring of protection from cold (right hand)
Wands
 i - a wand of random effects (16)
 p - a wand of enslavement (12)
 v - a wand of iceblast (11)
 E - a wand of polymorph (9)
Scrolls
 f - 8 scrolls of remove curse
 k - 3 scrolls of fear
 m - a scroll of brand weapon
 q - a scroll of amnesia
 s - a scroll of random uselessness
 w - 2 scrolls of immolation
 x - 3 scrolls of enchant armour
 y - 3 scrolls of enchant weapon
 C - 2 scrolls of teleportation
 G - a scroll of blinking {unknown}
Potions
 a - 3 potions of heal wounds
 e - a potion of haste
 g - 4 potions of curing
 l - 3 potions of flight
 o - 3 potions of brilliance
 r - a potion of cancellation
 t - 5 potions of might
 u - a potion of degeneration {unknown}
 z - a potion of attraction {unknown}


   Skills:
 + Level 3.6 Fighting
 + Level 1.1 Staves
 + Level 1.7 Dodging
 - Level 2.1 Stealth
 + Level 3.7 Spellcasting
 - Level 0.7 Transmutations
 * Level 12.6 Earth Magic


You couldn't memorise any spells.
You knew the following spells:

 Your Spells              Type           Power        Failure   Level
a - Sandblast             Erth           100%         1%          1
b - Passwall              Tmut/Erth      37%          1%          2
c - Stone Arrow           Conj/Erth      86%          3%          3
d - Lee's Rapid Deconstr  Erth           34%          1%          5
e - Petrify               Tmut/Erth      45%          9%          4

Your spell library contained the following spells:

 Spells                   Type           Power        Failure   Level
 Animate Skeleton         Necr           6%           13%         1
 Apportation              Tloc           6%           13%         1
 Corona                   Hex            3%           13%         1
 Summon Small Mammal      Summ           12%          13%         1


Dungeon Overview and Level Annotations

Branches:
Dungeon (7/15)             Temple (1/1) D:7         Ossuary (visited)

Altars:
Ashenzari
Cheibriados
Dithmenos
Elyvilon
Fedhas
Gozag
Hepliaklqana
Kikubaaqudgha
Makhleb
Nemelex Xobeh
Okawaru
Qazlal
Ru
Sif Muna
Trog
Uskayaw
Vehumet
Wu Jian
Xom
Yredelemnul
Zin
The Shining One

Shops:
D:6 **[(


Innate Abilities, Weirdness & Mutations

You are resistant to torment.
Your stone body is resilient. (AC +6)
You are immune to poison.
You resist negative energy. (rN+)
You are resistant to electric shocks. (rElec)
You can survive without breathing.
You are immune to petrification.
You are immune to miasma.


Message History

You feel better. The jackal bites you.
* * * LOW HITPOINT WARNING * * *
The orc hits you but does no damage.
The jackal bites you but does no damage.
Unknown command.
The jackal completely misses you. The orc closely misses you.
The jackal bites you but does no damage.
The orc warrior throws a boomerang.
The boomerang barely misses you.
The weapon returns to the orc warrior!
The jackal completely misses you.
The orc priest calls upon Beogh to heal the orc warrior.
The orc warrior is healed somewhat.
The jackal misses you.
The orc priest looks satisfied for a moment.
The jackal closely misses you.
You hit the jackal.
The jackal is severely wounded.
The jackal bites you but does no damage.
The orc priest mumbles some strange prayers to Beogh against you.
Beogh smites you!
You die...

......#.##+##.#.##.........##
##..............##.##.......####
......#.#.#.#.#................##
............##...................
........##...#.......>....#......
...............##......##.#......
..#####.###....###...............
<.###....##..#.#.#.....)#######..
...#............@hoo.o.## #.###)
.........).......##.....####....)
..##.......#...#####....(#..o....
.....###.(.###.# #.....(....o..#.
.....###.......###.............##
......###.......##....#.†...####
......###.............##)...##.#
......................#.........
......##........................


You could see an orc warrior, an orc priest, an orc and a jackal.

Vanquished Creatures
  An orc warrior (D:6)
  2 sky beasts
  2 ice beasts
  A phantom (D:5)
  2 black bears
  2 centaurs
  An ogre (D:4)
  A bullfrog (D:6)
  A scorpion (D:6)
  An electric eel (D:7)
  A howler monkey (D:4)
  A centaur zombie (D:6)
  2 jellies
  3 hounds
  Jessica (D:2)
  An iguana (D:4)
  4 orc wizards
  4 worker ants
  A hound zombie (D:6)
  2 hound skeletons
  8 mummies (Ossuary)
  4 gnolls (D:7)
  A howler monkey skeleton (D:4)
  4 adders
  2 shadow imps
  A white imp (D:6)
  2 ufetubi
  2 oozes
  6 worms
  A dart slug (D:3)
  6 leopard geckos
  19 orcs
  A ball python (D:3)
  4 giant cockroaches
  7 goblins
  8 hobgoblins
  8 jackals
  2 quokkas
  9 bats
  A frilled lizard (D:1)
  A gnoll zombie (Ossuary)
  A hobgoblin zombie (Ossuary)
  7 kobolds
  2 kobold zombies (Ossuary)
  A leopard gecko zombie (D:7)
  4 orc zombies (Ossuary)
  7 rats
153 creatures vanquished.

Notes
Turn   | Place    | Note
-------+----------+-------------------------------------------
     0 | D:1      | DearestLeader the Gargoyle Earth Elementalist began the
                  | quest for the Orb.
     0 | D:1      | Reached XP level 1. HP: 10/10 MP: 3/3
    38 | D:1      | Reached skill level 4 in Earth Magic
   360 | D:1      | Reached XP level 2. HP: 8/15 MP: 3/5
  1361 | D:2      | Reached skill level 5 in Earth Magic
  1361 | D:2      | Reached XP level 3. HP: 17/19 MP: 6/6
  1568 | D:2      | Noticed Jessica
  1582 | D:2      | Killed Jessica
  1583 | D:2      | Reached XP level 4. HP: 24/24 MP: 7/7
  1704 | D:2      | Found a faded altar of an unknown god.
  1874 | D:3      | Reached skill level 6 in Earth Magic
  2394 | D:3      | Learned a level 2 spell: Passwall
  2398 | D:3      | Learned a level 3 spell: Stone Arrow
  2514 | D:3      | Reached XP level 5. HP: 22/28 MP: 8/8
  2613 | D:3      | Reached skill level 7 in Earth Magic
  3092 | D:4      | Noticed an ogre
  3099 | D:4      | Killed an ogre
  3100 | D:4      | Reached XP level 6. HP: 14/32 MP: 4/9
  3193 | D:4      | Reached skill level 8 in Earth Magic
  3546 | D:4      | Noticed an ice beast
  3564 | D:4      | Killed an ice beast
  3565 | D:4      | Reached skill level 9 in Earth Magic
  3588 | D:4      | Reached XP level 7. HP: 25/36 MP: 6/10
  3612 | D:5      | Entered Level 5 of the Dungeon
  3732 | D:5      | Reached skill level 10 in Earth Magic
  3778 | D:5      | Found a sand-covered staircase.
  3784 | Ossuary  | Entered an ossuary
  4721 | D:5      | Reached skill level 11 in Earth Magic
  4721 | D:5      | Reached XP level 8. HP: 41/41 MP: 6/11
  5130 | D:4      | Learned a level 5 spell: Lee's Rapid Deconstruction
  6228 | D:6      | Found the +0 mask of the Dragon {Will+ Slay+3 SInv}
  6246 | D:6      | Reached skill level 1 in Fighting
  6695 | D:6      | Reached skill level 12 in Earth Magic
  6695 | D:6      | Found Vyxtes's Antique Armour Shoppe.
  6705 | D:6      | Bought a bloodstained robe for 171 gold pieces
  6715 | D:6      | Identified the cursed +0 robe of Ziupn {Int+2} (You bought
                  | it in a shop on level 6 of the Dungeon)
  6749 | D:6      | Found Kiahirr's General Store.
  7263 | D:6      | Found Asyt's Weapon Shoppe.
  7572 | D:6      | Reached XP level 9. HP: 49/51 MP: 12/14
  7737 | D:6      | Found Oxaturon's General Store.
  7912 | D:7      | Found a stormy altar of Qazlal.
  8182 | D:7      | Found a staircase to the Ecumenical Temple.
  8191 | Temple   | Entered the Ecumenical Temple
  8302 | Temple   | Became a worshipper of Vehumet
  8484 | D:7      | Learned a level 4 spell: Petrify
  8793 | D:7      | Reached skill level 1 in Staves
  8829 | D:7      | Killed from afar by an orc priest

Illustrated notes

Levels and vault maps discovered:
D:1:      heliophobic_arrival_henge, layout_rooms, minmay_strange_pillars
D:2:      layout_rooms, chequers_ecumenical_altar_twisty, uniq_jessica
D:3:      layout_basic, minmay_starry_boxes
D:4:      layout_layer_cave
D:5:      layout_basic, enter_ossuary_2
D:6:      wander_river, layout_gridville, serial_shops, kennysheep_mini,
          nicolae_shop_stone, shop, shop, kennysheep_generic_room_3
D:7:      layout_cave_pools, nicolae_qazlal_style_of_elements,
          minmay_temple_entry_arrows, fountainhead, minmay_misc_feat_doors,
          grunt_ministairs_10
Temple:   kilobyte_greek_temple

Skill      XL: |  1  2  3  4  5  6  7  8  9 |
---------------+----------------------------+-----
Earth Magic    | 4 5 6 7 9 11 12 | 12.6
Fighting       | 3 |  3.6
Spellcasting   | 3 |  3.7
Staves         | 1 |  1.1
Dodging        | |  1.7
Stealth        | |  2.1
Transmutations | |  0.7

Action                   |  1- 3 |  4- 6 |  7- 9 || total
-------------------------+-------+-------+-------++-------
Melee: Unarmed           |    27 |       |       ||    27
       Dagger            |    60 |   156 |   197 ||   413
       Short sword       |     3 |       |       ||     3
       Staff             |       |       |    95 ||    95
 Cast: Sandblast         |    17 |    10 |    51 ||    78
       Stone Arrow       |       |       |     3 ||     3
       Lee's Rapid Decon |       |       |     4 ||     4
  Use: Scroll            |     4 |     6 |    13 ||    23
       Potion            |       |       |     2 ||     2
 Stab: Sleeping          |       |     6 |       ||     6
Armor: Robe              |    42 |    63 |   137 ||   242
       Skin              |     1 |       |       ||     1
Dodge: Dodged            |    84 |   113 |   301 ||   498
